 Dungeon Crawl Stone Soup version 0.29.1-13-g9f3cf754e1 (webtiles) character file.

Game seed: 14076061870576637634

74 croobank the Insei (level 4, -4/29 HPs)
             Began as an Octopode Transmuter on Feb 5, 2023.
             Slain by a goblin
             ... wielding a +0 club
             ... led by Robin
              (5 damage)
             ... on level 3 of the Dungeon.
             The game lasted 00:05:39 (3266 turns).

croobank the Insei (Octopode Transmuter)            Turns: 3266, Time: 00:05:40

Health: -4/29      AC:  1    Str:  9    XL:     4   Next: 30%
Magic:  5/7        EV: 13    Int: 17    God:
Gold:   139        SH:  0    Dex: 12    Spells: 3/8 levels left

rFire   + . .      SeeInvis .   j - +1 dagger
rCold   . . .      Faith    .   (no shield)
rNeg    . . .      Spirit   .   (helmet restricted)
rPois   .          Reflect  .   (no amulet)
rElec   .          Harm     .   g - ring of protection from fire
rCorr   .          Rampage  .   h - ring of willpower
Will    +....                   (no ring)
Stlth   ++........              (no ring)
HPRegen 0.09/turn               (no ring)
MPRegen 0.10/turn               (no ring)
                                (no ring)
                                (no ring)

@: wereblooded (expiring), unable to drink
A: almost no armour, amphibious, 8 rings, camouflage 1, gelatinous body 1,
(nimble swimmer 1), tentacles, inability to drink after injury 1
a: no special abilities


You were on level 3 of the Dungeon.
You visited 1 branch of the dungeon, and saw 3 of its levels.

You collected 139 gold pieces.

Inventory:

Hand Weapons
 j - a +1 dagger (weapon)
Magical Staves
 q - a staff of earth
Jewellery
 g - a ring of protection from fire (left tentacle)
 h - a ring of willpower (right tentacle)
Scrolls
 m - a scroll of teleportation
Potions
 a - a potion of lignification
 b - a potion of flight
 e - a potion of brilliance {unknown}
 f - a potion of might {unknown}
 k - 2 potions of heal wounds {unknown}
 n - 2 potions of curing {unknown}


   Skills:
 + Level 2.0 Fighting
 + Level 0.9 Short Blades
 + Level 2.5 Dodging
 - Level 3.1 Unarmed Combat
 + Level 2.5 Spellcasting
 + Level 2.5 Transmutations
 + Level 0.4 Fire Magic


You had 3 spell levels left.
You knew the following spells:

 Your Spells              Type           Power      Damage    Failure   Level
a - Beastly Appendage     Tmut           20%        N/A       6%          1
b - Wereblood             Tmut           10%        N/A       10%         2
c - Scorch                Fire           6%         2d5       24%         2

Your spell library contained the following spells:

 Spells                   Type           Power      Damage    Failure   Level
 Spider Form              Tmut/Pois      6%         N/A       32%         3
 Ice Form                 Ice/Tmut       6%         N/A       73%         4
 Flame Wave               Conj/Fire      2%         2d4       86%         4
 Summon Cactus Giant      Summ           1%         N/A       100%        6


Dungeon Overview and Level Annotations

Branches:
Dungeon (3/15)

Altars:
Ru

Annotations:
D:3 Ijyb, Robin


Innate Abilities, Weirdness & Mutations

You cannot wear most types of armour.
You are amphibious.
You can wear up to eight rings at the same time.
Your skin changes colour to match your surroundings (Stealth+).
Your rubbery body absorbs attacks. (AC +1, EV +1)
((You are camouflaged when in or above water. (Stealth+)))
You have tentacles for arms and can constrict up to eight enemies at once.
You occasionally lose the ability to drink potions when taking damage.


Message History

The hobgoblin misses you.
A goblin comes into view. It is wielding a +0 club.
A goblin comes into view. It is wielding a +0 dagger.
You closely miss the hobgoblin.
The goblin shouts! x2
You grab the hobgoblin. You squeeze the hobgoblin.
You feel a bit better.
You kill the hobgoblin!
A goblin comes into view. It is wielding a +0 dagger. x2
A hobgoblin, a goblin and a frilled lizard come into view.
The goblin shouts! x2; The frilled lizard hisses angrily.
You barely miss the goblin. You grab the goblin. You constrict the goblin.
The goblin closely misses you.
Robin roars a battlecry!
The goblins go into a battle-frenzy!
You barely miss the goblin. You squeeze the goblin.
You feel a bit better.
You kill the goblin!
The goblin hits you with a +0 club. Robin hits you with a +3 whip!
You see here a +0 club.
You closely miss Robin. You grab Robin. You squeeze Robin!
Robin is heavily wounded.
You howl as the wereblood boils in your veins!
You constrict Robin. The goblin closely misses you.
The goblin barely misses you. x3; Robin hits you with a +3 whip!
You are too injured to fight recklessly!
You are too injured to fight recklessly!
You are too injured to fight recklessly!
You release your grip on Robin.
The goblin attacks as you move away! The goblin hits you with a +0 dagger.
The goblin hits you with a +0 club.
* * * LOW HITPOINT WARNING * * *
Robin throws the goblin at you!
You barely miss the goblin. You grab the goblin.
Your squeeze misses the goblin.
Your primal bloodlust is almost over.
You constrict the goblin. The goblin hits you with a +0 dagger.
* * * LOW HITPOINT WARNING * * *
The goblin hits you with a +0 club.
* * * LOW HITPOINT WARNING * * *
The goblin hits you with a +0 club.
You feel threatened and lose the ability to drink potions!
You die...

..... .(.#. ..... .....
...... #######...# ......
#.........
....g.#####.#...... # ###
.......g......##.##.#...#
......gl##.##.#...#...#
#..gg#...#.......#
#..gg@.........#.# ..
#...g#g...#...##.##.#
#....##.)...#..†....#
#........#.....##.###
#...#.##...#....#.#
#...#.#)..........#
#####.......#...#.##
#.#...#.##.##..###
#.##.##...........


You could see Robin, a hobgoblin (strong), 7 goblins and a frilled lizard.

Vanquished Creatures
  An adder (D:3)
  A worm (D:3)
  10 endoplasms
  3 giant cockroaches (D:1)
  10 goblins
  3 hobgoblins
  3 jackals (D:1)
  3 quokkas
  6 ball pythons
  5 bats (D:1)
  3 frilled lizards
  6 kobolds
  3 rats
57 creatures vanquished.

Notes
Turn   | Place    | Note
-------+----------+-------------------------------------------
     0 | D:1      | croobank the Octopode Transmuter began the quest for the
                  | Orb.
     0 | D:1      | Reached XP level 1. HP: 13/13 MP: 3/3
   219 | D:1      | Reached XP level 2. HP: 14/18 MP: 1/5
   341 | D:1      | Learned a level 2 spell: Wereblood
  1344 | D:1      | Found a faded altar of an unknown god.
  1471 | D:1      | Reached XP level 3. HP: 8/23 MP: 3/6
  2578 | D:2      | Learned a level 2 spell: Scorch
  2585 | D:3      | Noticed Ijyb
  2596 | D:3      | Gained mutation: You occasionally lose the ability to drink
                  | potions when taking damage. [potion of mutation]
  2596 | D:3      | HP: 1/24 [Ijyb/+0 club (4)]
  2994 | D:3      | Found a sacrificial altar of Ru.
  3217 | D:3      | Reached XP level 4. HP: 25/29 MP: 3/7
  3258 | D:3      | Noticed Robin
  3266 | D:3      | HP: 1/29 [goblin/+0 club[Robin] (3)]
  3266 | D:3      | Slain by a goblin

Illustrated notes

Levels and vault maps discovered:
D:1:      psy_arrival_basics, layout_rooms, basic_ecumenical_altar,
          serial_co_window_serial, co_window_paths_b, co_window_paths_a,
          co_window_paths_a, co_window_paths_a, co_window_paths_a,
          co_window_cross_3, co_window_broadway_a, co_window_of_opportunity_b,
          co_window_unsneaky_path_a, co_window_unsneaky_path_b,
          co_window_corner_ca, co_window_2corner, glass_columns_c,
          glass_columns_c
D:2:      layout_basic
D:3:      layout_basic, lemuel_crystal_altar, lightli_sewer_entry_pipes,
          hangedman_decor_clover_reticule, uniq_robin, uniq_ijyb

Skill      XL: |  1  2  3  4 |
---------------+-------------+-----
Fighting       | 2 |  2.0
Short Blades   | |  0.9
Dodging        | |  2.5
Unarmed Combat | |  3.1
Spellcasting   | |  2.5
Transmutations | |  2.5
Fire Magic     | |  0.4

Action                   |  1- 3 |  4- 6 || total
-------------------------+-------+-------++-------
Melee: Unarmed           |    29 |       ||    29
       Constrict         |    26 |     4 ||    30
       Kick              |    26 |     2 ||    28
       Tentacles         |    14 |     8 ||    22
       Dagger            |    81 |    20 ||   101
       Punch             |     3 |       ||     3
 Cast: Beastly Appendage |    28 |     1 ||    29
       Wereblood         |    21 |     1 ||    22
  Use: Scroll            |     8 |       ||     8
       Potion            |     1 |       ||     1
Armor: Skin              |    10 |     1 ||    11
Dodge: Dodged            |    60 |    14 ||    74
